 Dungeon Crawl Stone Soup version 0.19.0-24-gb05acd6 (webtiles) character file.

2482 Chiseanne the Skirmisher (level 9, -7/69 HPs)
             Began as a Demonspawn Wanderer on Nov 21, 2016.
             Was an Initiate of Gozag.
             Shot with a sling bullet by Joseph (12 damage)
             ... on level 9 of the Dungeon.
             The game lasted 00:29:18 (11812 turns).

Chiseanne the Skirmisher (Demonspawn Wanderer)     Turns: 11812, Time: 00:29:19

Health: -7/69      AC:  9    Str: 14    XL:     9   Next: 27%
Magic:  0/17       EV: 14    Int: 22    God:    Gozag
Gold:   503        SH:  0    Dex: 11    Spells: 3 memorised, 14 levels left

rFire  . . .     SeeInvis +     a - staff of conjuration
rCold  . . .     Gourm    .     n - +2 leather armour
rNeg   . . .     Faith    .     (no shield)
rPois  .         Spirit   +     (helmet unavailable)
rElec  .         Reflect  .     d - +1 cloak
rCorr  .         Harm     .     (no gloves)
MR     .....                    z - +0 pair of boots
Stlth  +.........               (no amulet)
                                i - +2 ring of evasion
                                r - ring of wizardry

@: confused, brilliant, shrouded (expiring), gold aura
A: antennae 3, large bone plates 1, magic shield
a: Potion Petition, Call Merchant, Bribe Branch, Renounce Religion


You were on level 9 of the Dungeon.
You worshipped Gozag.
Gozag was pleased with you.
You were not hungry.

You visited 2 branches of the dungeon, and saw 10 of its levels.

You collected 575 gold pieces.
You paid 72 gold pieces to Gozag.

Inventory:

Hand Weapons
 s - a +1 hand axe
 t - a +0 war axe
 F - a +0 long sword
Missiles
 e - 188 stones (quivered)
 g - 87 arrows
 k - 78 sling bullets
 l - 118 bolts
 q - 7 curare-tipped needles
 x - 19 poisoned needles
Armour
 d - a +1 cloak (worn)
 h - a +0 large shield
 n - a +2 leather armour (worn)
 w - a +0 ring mail
 z - a +0 pair of boots (worn)
Magical Staves
 a - an uncursed staff of conjuration (weapon)
Jewellery
 i - a +2 ring of evasion (right hand)
 r - a ring of wizardry (left hand)
Wands
 u - a wand of enslavement (3/24)
 H - a wand of digging (8/24)
Scrolls
 o - a scroll of recharging
 v - 3 scrolls of teleportation
 y - 3 scrolls of magic mapping
 A - a scroll of remove curse
 B - 3 scrolls of identify
 C - a scroll of fear
Potions
 j - a potion of brilliance
 p - a potion of flight
Books
 b - the Tome of Dislocation

   Spells                             Type                      Level
   a - Shroud of Golubria             Charms/Translocation         2
   b - Blink                          Translocation                2
 c - the Volume of the Arsonist

   Spells                             Type                      Level
   a - Flame Tongue                   Conjuration/Fire             1
   b - Inner Flame                    Hexes/Fire                   3
 D - a book of Necromancy

   Spells                             Type                      Level
   a - Pain                           Necromancy                   1
   b - Animate Skeleton               Necromancy                   1
   c - Vampiric Draining              Necromancy                   3
   d - Regeneration                   Charms/Necromancy            3
   e - Animate Dead                   Necromancy                   4
   f - Control Undead                 Necromancy                   4
Comestibles
 f - 2 bread rations
 m - 5 meat rations
 E - a beef jerky


   Skills:
 * Level 6.0 Fighting
 - Level 1.0 Long Blades
 * Level 5.7 Armour
 - Level 2.2 Dodging
 - Level 1.0 Shields
 * Level 5.8 Spellcasting
 - Level 2.9 Conjurations
 * Level 4.3 Translocations
   Level 2.6 Transmutations
 - Level 1.0 Fire Magic
 - Level 1.0 Evocations


You had 14 spell levels left.
You knew the following spells:

 Your Spells              Type           Power        Failure   Level  Hunger
a - Flame Tongue          Conj/Fire      #####        1%          1    None
b - Blink                 Tloc           N/A          1%          2    None
c - Shroud of Golubria    Chrm/Tloc      ####......   1%          2    None


Dungeon Overview and Level Annotations

Branches:
Dungeon (9/15)             Temple (1/1) D:6
   Lair: D:8-11         Orc: D:9-12

Altars:
Ashenzari
Cheibriados
Dithmenos
Elyvilon
Fedhas
Gozag
Hepliaklqana
Kikubaaqudgha
Makhleb
Nemelex Xobeh
Okawaru
Qazlal
Ru
Sif Muna
Trog
Uskayaw
Vehumet
Xom
Yredelemnul
Zin
The Shining One

Annotations:
D:5 Uhlv's ghost, novice TrMo
D:9 Joseph


Innate Abilities, Weirdness & Mutations

You have a pair of large antennae on your head. (SInv)
You are partially covered in large bone plates. (SH +4)
When hurt, damage is shared between your health and your magic reserves.


Message History

Aim: Joseph, wielding a hunting sling, wearing a leather armour and carrying a wand of enslavement {zapped: 6} (almost dead, chance to defeat MR: 30%) Nothing appears to happen.
This wand has 4 charges left.
Joseph shoots a sling bullet.
The sling bullet hits you!
* * * LOW HITPOINT WARNING * * *
Evoke which item? (* to show all) (? for menu, Esc to quit)
Zapping:
u - a wand of enslavement (4/24)
Press: ? - help, Shift-Dir - straight line, f/p - Joseph
Aim: Joseph, wielding a hunting sling, wearing a leather armour and carrying a wand of enslavement {zapped: 6} (almost dead, chance to defeat MR: 30%) Nothing appears to happen.
This wand has 3 charges left.
Joseph shoots a sling bullet.
The sling bullet hits you!
* * * LOW HITPOINT WARNING * * *
You feel clever all of a sudden.
You feel less confused.
Joseph zaps a wand.
Your will is overpowered!
You are confused.
You're too confused!
Unknown command.
You bump into the rock wall.
Joseph shoots a sling bullet.
The sling bullet hits you!
You die...
Your body crumbles into a pile of gold.

#. #. #####?
......########
.............
..........#
.....$.@.(#
......$..@#
.......<..#
........$.#
...!.........
...............
...............
...............
...............
...............


You could see Joseph.

Vanquished Creatures
  A water moccasin (D:8)
  3 phantoms (D:6)
  3 ogres
  A centaur (D:6)
  3 bullfrogs
  4 scorpions
  2 howler monkeys
  A crimson imp (D:7)
  A quasit (D:6)
  A centaur skeleton (D:4)
  A bullfrog skeleton (D:7)
  8 orc priests
  3 hounds
  A jelly (D:4)
  5 orc wizards
  4 iguanas
  8 worker ants
  A hound zombie (D:5)
  2 hound skeletons
  4 worker ant zombies
  10 adders
  6 gnolls
  A shadow imp (D:6)
  An ooze (D:5)
  3 adder skeletons
  An adder zombie (D:5)
  A worm (D:3)
  2 dart slugs (D:1)
  3 leopard geckos
  25 orcs
  4 giant cockroaches
  10 goblins
  11 hobgoblins
  2 jackals (D:6)
  3 quokkas
  10 bats
  3 frilled lizards
  A jackal zombie (D:5)
  6 kobolds
  A leopard gecko skeleton (D:5)
  7 rats
168 creatures vanquished.

Vanquished Creatures (collateral kills)
  A worker ant (D:9)
  An orc (D:9)
2 creatures vanquished.

Vanquished Creatures (others)
  A bush (D:6)
1 creature vanquished.

Grand Total: 171 creatures vanquished

Notes
Turn   | Place    | Note
-------+----------+-------------------------------------------
     0 | D:1      | Chiseanne the Demonspawn Wanderer began the quest for the Orb.
     0 | D:1      | Chiseanne set off with: a +2 leather armour, the Tome of Dislocation, the Volume of the Arsonist, a +0 club, a bread ration
     0 | D:1      | Reached XP level 1. HP: 13/13 MP: 2/2
     0 | D:1      | Identified the Tome of Dislocation
     0 | D:1      | Identified the Volume of the Arsonist
   487 | D:1      | Reached skill level 1 in Fighting
   543 | D:1      | Gained mutation: When hurt, damage is shared between your health and your magic reserves. [demonic ancestry]
   543 | D:1      | Reached XP level 2. HP: 20/21 MP: 3/3
   993 | D:1      | Reached skill level 1 in Armour
   993 | D:1      | Reached XP level 3. HP: 23/26 MP: 4/4
  1046 | D:1      | Learned a level 1 spell: Flame Tongue
  2168 | D:2      | Found a sacrificial altar of Ru.
  2168 | D:2      | Found a sparkling altar of Nemelex Xobeh.
  2634 | D:2      | Gained mutation: You have a pair of small antennae on your head. [demonic ancestry]
  2634 | D:2      | Reached XP level 4. HP: 30/33 MP: 6/6
  2840 | D:3      | Reached skill level 1 in Conjurations
  3085 | D:3      | Reached skill level 2 in Fighting
  3460 | D:3      | Gained mutation: You are partially covered in large bone plates. (SH +4) [demonic ancestry]
  3460 | D:3      | Reached XP level 5. HP: 36/38 MP: 5/8
  3779 | D:3      | Learned a level 2 spell: Blink
  3782 | D:3      | Learned a level 2 spell: Shroud of Golubria
  4040 | D:4      | Noticed an ogre
  4044 | D:4      | Killed an ogre
  4044 | D:4      | Reached XP level 6. HP: 28/46 MP: 4/10
  4377 | D:4      | Reached skill level 3 in Fighting
  4558 | D:4      | Reached XP level 7. HP: 34/52 MP: 1/11
  4860 | D:4      | Reached skill level 1 in Translocations
  5554 | D:4      | Found a basalt altar of Yredelemnul.
  6162 | D:5      | Entered Level 5 of the Dungeon
  6325 | D:5      | Noticed Uhlv's ghost (novice TrMo)
  7229 | D:5      | Reached skill level 4 in Fighting
  7573 | D:6      | Gained mutation: You have a pair of antennae on your head. [demonic ancestry]
  7573 | D:6      | Reached XP level 8. HP: 57/60 MP: 7/14
  7762 | D:6      | Found a staircase to the Ecumenical Temple.
  8036 | Temple   | Entered the Ecumenical Temple
  8219 | Temple   | Became a worshipper of Gozag Ym Sagoz the Greedy
  8569 | D:6      | Reached skill level 5 in Fighting
  8569 | D:6      | Reached skill level 5 in Spellcasting
  8945 | D:6      | Reached skill level 5 in Armour
  9703 | D:7      | Gained mutation: You have a pair of large antennae on your head. (SInv) [demonic ancestry]
  9703 | D:7      | Reached XP level 9. HP: 68/68 MP: 12/17
 11515 | D:8      | Reached skill level 6 in Fighting
 11775 | D:9      | Noticed Joseph
 11812 | D:9      | Shot with a sling bullet by Joseph

Skill      XL: |  1  2  3  4  5  6  7  8  9 |
---------------+----------------------------+-----
Dodging        | 2 |  2.2
Fighting       | 1 2 3 4 5 6 |  6.0
Armour         | 1 2 3 4 5 |  5.7
Conjurations   | 1 2 |  2.9
Spellcasting   | 2 3 4 5 |  5.8
Translocations | 2 4 |  4.3
Long Blades    | |  1.0
Shields        | |  1.0
Transmutations | |  2.6
Fire Magic     | |  1.0
Evocations     | |  1.0

Action                   |  1- 3 |  4- 6 |  7- 9 || total
-------------------------+-------+-------+-------++-------
Melee: Club              |   110 |       |       ||   110
       Hand axe          |   109 |   142 |   320 ||   571
Throw: Stone             |     1 |     2 |    28 ||    31
 Cast: Flame Tongue      |     7 |    33 |   349 ||   389
       Shroud of Golubri |       |       |    12 ||    12
       Blink             |       |       |     3 ||     3
Evoke: Wand              |       |       |    22 ||    22
  Use: Scroll            |     3 |     8 |     7 ||    18
       Potion            |       |     5 |     1 ||     6
  Eat: Chunk             |     6 |     7 |     9 ||    22
       Royal jelly       |       |       |     1 ||     1
       Beef jerky        |       |       |     2 ||     2
       Bread ration      |       |       |     2 ||     2
Armor: Leather armour    |   122 |    53 |   219 ||   394
Dodge: Dodged            |   173 |   104 |   458 ||   735
Block: Other             |       |     9 |   123 ||   132
